 Dungeon Crawl Stone Soup version 0.28-a0-528-g4b98be1b05 (webtiles) character file.

Game seed: 10261025506010154492

147 nightshift3 the Slasher (level 5, 0/33 (47) HPs)
             Began as a Gnoll Cinder Acolyte on Sept 24, 2021.
             Was a High Priest of Ignis.
             Slain by Ijyb (1 damage)
             ... on level 3 of the Dungeon.
             The game lasted 00:05:04 (3026 turns).

nightshift3 the Slasher (Gnoll Cinder Acolyte)      Turns: 3026, Time: 00:05:05

HP:   0/33 (47)     AC:  2    Str: 14    XL:     5   Next: 29%
MP:   9/9           EV: 11    Int: 14    God:    Ignis [*****.]
Gold: 102           SH:  0    Dex:  7    Spells: 10/10 levels left

rFire   + . .      SeeInvis .   a - -1 falchion (flame) {long}
rCold   . . .      Faith    .   (no shield)
rNeg    . . .      Spirit   .   b - +0 robe
rPois   .          Reflect  .   (no helmet)
rElec   .          Harm     .   (no cloak)
rCorr   .          Rampage  .   (no gloves)
Will    .....                   (no boots)
Stlth   +.........              (no amulet)
HPRegen 0.11/turn               (no ring)
MPRegen 0.11/turn               (no ring)

@: very heavily drained
A: fangs 1, strong nose, distributed training
a: Renounce Religion, Sea of Fire, Foxfire Swarm, Rising Flame


You were on level 3 of the Dungeon.
You worshipped Ignis.
Ignis was extremely pleased with you.
You visited 1 branch of the dungeon, and saw 3 of its levels.

You collected 102 gold pieces.


Innate Abilities, Weirdness & Mutations

You have very sharp teeth.
Your uncanny sense of smell can sniff out nearby items.
Your experience applies equally to all skills.


   Skills:
 + Level 6.7 Fighting
 + Level 1.4 Short Blades
 + Level 6.7 Long Blades
 + Level 1.4 Axes
 + Level 1.4 Maces & Flails
 + Level 1.4 Polearms
 + Level 1.4 Staves
 + Level 1.4 Slings
 + Level 1.4 Bows
 + Level 1.4 Crossbows
 + Level 1.4 Throwing
 + Level 1.4 Armour
 + Level 1.4 Dodging
 + Level 1.4 Stealth
 + Level 1.4 Shields
 + Level 1.4 Unarmed Combat
 + Level 3.1 Spellcasting
 + Level 1.1 Conjurations
 + Level 1.1 Hexes
 + Level 1.1 Summonings
 + Level 1.1 Necromancy
 + Level 1.1 Translocations
 + Level 1.1 Transmutations
 + Level 5.5 Fire Magic
 + Level 1.1 Ice Magic
 + Level 1.1 Air Magic
 + Level 1.1 Earth Magic
 + Level 1.1 Poison Magic
 + Level 1.6 Invocations
 + Level 1.4 Evocations


You had 10 spell levels left.
You didn't know any spells.
Your spell library contained the following spells:

 Spells                   Type           Power      Damage    Failure   Level
 Scorch                   Fire           34%        2d7       3%          2

Inventory:

Hand Weapons
 a - a -1 falchion of flaming (weapon) {long}
Missiles
 c - 137 stones (quivered) {throwing}
 f - a throwing net {=f!fthrowing}
 h - 3 boomerangs {throwing}
 j - 50 arrows
 m - 40 bolts
Armour
 b - a +0 robe (worn)
Scrolls
 d - a scroll of vulnerability {unknown}
 e - a scroll of amnesia {unknown}
 k - a scroll of noise {unknown}
Potions
 g - 3 potions of invisibility {unknown}
 i - a potion of brilliance {unknown}
 l - a potion of cancellation {unknown}

Dungeon Overview and Level Annotations

Branches:
Dungeon (3/15)

Altars:

Annotations:
D:3 Ijyb

..........................##..##.
.......#.#.........#####..#..####
.......#.#............#...#..####
.......#.#.......####.#...##..##.
.........#....#.....#.#.<..#.....
.................##.#.#.#..##....
........##...#..............#....
........##...#.#........###......
................@................
........##...##g.................
........##. .....###.#..........
.......... .......# #.#..........
..................# #.#..........
..........#........ ..#..........
###.......#........ #..........
.................... ###...####.
.......... ... #≈≈≈≈≈≈≈≈#.


You could see Ijyb.


Message History

You hit Ijyb. You burn Ijyb.
Ijyb hits you with a +0 dagger of draining.
You feel drained. 😕 HP[-5]
You now have 46 max hp (-1).
You take 5 damage, and now have 39/46 hp.
You barely miss Ijyb. Your bite misses Ijyb.
Ijyb zaps a wand.
The puff of flame hits you. You resist. 😮 HP[-6]
You take 6 damage, and now have 33/46 hp.
You hit Ijyb but do no damage. Ijyb hits you but does no damage.
You feel drained.
You now have 45 max hp (-1).
You hit Ijyb but do no damage. Ijyb closely misses you.
Unknown command.
You hit Ijyb but do no damage.
Ijyb hits you with a +0 dagger of draining.
You feel drained. 😮 HP[-3]
You now have 44 max hp (-1).
You take 3 damage, and now have 30/44 hp.
You hit Ijyb but do no damage.
Ijyb hits you with a +0 dagger of draining.
You feel drained. 😮 HP[-3]
You now have 43 max hp (-1).
You take 3 damage, and now have 27/43 hp.
You closely miss Ijyb. Your bite misses Ijyb.
Ijyb zaps a wand.
The puff of flame hits you. You resist. 😮 HP[-2]
You take 2 damage, and now have 25/43 hp.
You hit Ijyb but do no damage. Your bite misses Ijyb.
Ijyb screams, "Me kill you!"
Ijyb hits you with a +0 dagger of draining.
You feel drained. 😮 HP[-3]
You now have 42 max hp (-1).
You take 3 damage, and now have 22/42 hp.
You hit Ijyb but do no damage.
Ijyb hits you with a +0 dagger of draining.
* * * LOW HITPOINT WARNING * * *
You feel drained.
* * * LOW HITPOINT WARNING * * *
😨 HP[-3]
You now have 41 max hp (-1).
You take 3 damage, and now have 19/41 hp.
You barely miss Ijyb. You bite Ijyb, but do no damage.
Ijyb hits you with a +0 dagger of draining.
* * * LOW HITPOINT WARNING * * *
You feel drained.
* * * LOW HITPOINT WARNING * * *
😨 HP[-4]
You now have 40 max hp (-1).
You take 4 damage, and now have 15/40 hp.
You barely miss Ijyb. Ijyb closely misses you.
Unknown command.
You hit Ijyb but do no damage. Your bite misses Ijyb.
Ijyb hits you with a +0 dagger of draining.
* * * LOW HITPOINT WARNING * * *
You feel drained. 😨 HP[-2]
You now have 39 max hp (-1).
You take 2 damage, and now have 13/39 hp.
You hit Ijyb but do no damage.
Ijyb hits you with a +0 dagger of draining.
* * * LOW HITPOINT WARNING * * *
You feel drained.
* * * LOW HITPOINT WARNING * * *
😱 HP[-6]
You now have 37 max hp (-2).
You take 6 damage, and now have 7/37 hp.
You closely miss Ijyb. Ijyb closely misses you.
Unknown command.
You closely miss Ijyb. You bite Ijyb, but do no damage.
Ijyb hits you with a +0 dagger of draining.
* * * LOW HITPOINT WARNING * * *
You feel drained.
* * * LOW HITPOINT WARNING * * *
😱 HP[-2]
You now have 36 max hp (-1).
You take 2 damage, and now have 5/36 hp.
You barely miss Ijyb. Ijyb barely misses you.
Unknown command.
You closely miss Ijyb. Your bite misses Ijyb. Ijyb barely misses you.
You hit Ijyb but do no damage. Ijyb hits you but does no damage.
You feel drained.
You now have 35 max hp (-1).
You closely miss Ijyb.
Ijyb hits you with a +0 dagger of draining.
* * * LOW HITPOINT WARNING * * *
You feel drained. 😱 HP[-1]
You now have 34 max hp (-1).
You hit Ijyb but do no damage.
Ijyb hits you with a +0 dagger of draining.
* * * LOW HITPOINT WARNING * * *
You feel drained.
You die...

Skill      XL: |  1  2  3  4 |
---------------+-------------+-----
Invocations    | 1 |  1.6
Short Blades   | 1 |  1.4
Axes           | 1 |  1.4
Maces & Flails | 1 |  1.4
Polearms       | 1 |  1.4
Staves         | 1 |  1.4
Slings         | 1 |  1.4
Bows           | 1 |  1.4
Crossbows      | 1 |  1.4
Throwing       | 1 |  1.4
Armour         | 1 |  1.4
Dodging        | 1 |  1.4
Stealth        | 1 |  1.4
Shields        | 1 |  1.4
Unarmed Combat | 1 |  1.4
Evocations     | 1 |  1.4
Spellcasting   | 3 |  3.1
Conjurations   | 1 |  1.1
Hexes          | 1 |  1.1
Summonings     | 1 |  1.1
Necromancy     | 1 |  1.1
Translocations | 1 |  1.1
Transmutations | 1 |  1.1
Ice Magic      | 1 |  1.1
Air Magic      | 1 |  1.1
Earth Magic    | 1 |  1.1
Poison Magic   | 1 |  1.1
Fighting       | |  6.7
Long Blades    | |  6.7
Fire Magic     | |  5.5

Action                   |  1- 3 |  4- 6 || total
-------------------------+-------+-------++-------
Melee: Falchion          |   129 |    60 ||   189
       Bite              |     4 |     7 ||    11
Invok: Foxfire Swarm     |     1 |     1 ||     2
  Use: Potion            |       |     1 ||     1
 Stab: Sleeping          |     1 |     1 ||     2
Armor: Robe              |    35 |     8 ||    43
Dodge: Dodged            |    90 |    26 ||   116

Levels and vault maps discovered:
D:1:      minmay_arrival_open_corners, layout_basic, serial_curves,
          eino_curves_04, eino_curves_04, supply_closet_lemuel
D:2:      layout_basic, hellmonk_ecumenical_altar_lost_god,
          minmay_misc_feat_doors, kennysheep_generic_room_14
D:3:      layout_basic, amcnicky_altar_gilded, minmay_misc_feat_iff,
          chequers_serial_rivers_micro_a, uniq_ijyb, uniq_crazy_yiuf_cottage

Notes
Turn   | Place    | Note
-------+----------+-------------------------------------------
     0 | D:1      | nightshift3 the Gnoll Cinder Acolyte began the quest for
                  | the Orb.
     0 | D:1      | Reached XP level 1. HP: 23/23 MP: 4/4
     0 | D:1      | magus.rc [v1.9.6]
    33 | D:1      | You fall into a shaft and drop 1 floor!
    60 | D:2      | Reached XP level 2. HP: 24/29 MP: 5/5
   234 | D:2      | Found a faded altar of an unknown god.
   789 | D:2      | Reached XP level 3. HP: 35/35 MP: 7/7
  1115 | D:1      | Reached skill level 1 in Invocations
  1712 | D:1      | Reached skill level 1 in Short Blades
  1712 | D:1      | Reached skill level 1 in Axes
  1712 | D:1      | Reached skill level 1 in Maces & Flails
  1712 | D:1      | Reached skill level 1 in Polearms
  1712 | D:1      | Reached skill level 1 in Staves
  1712 | D:1      | Reached skill level 1 in Slings
  1712 | D:1      | Reached skill level 1 in Bows
  1712 | D:1      | Reached skill level 1 in Crossbows
  1712 | D:1      | Reached skill level 1 in Throwing
  1712 | D:1      | Reached skill level 1 in Armour
  1712 | D:1      | Reached skill level 1 in Dodging
  1712 | D:1      | Reached skill level 1 in Stealth
  1712 | D:1      | Reached skill level 1 in Shields
  1712 | D:1      | Reached skill level 1 in Unarmed Combat
  1712 | D:1      | Reached skill level 1 in Evocations
  1936 | D:3      | Reached skill level 3 in Spellcasting
  1936 | D:3      | Reached XP level 4. HP: 15/41 MP: 8/8
  2009 | D:3      | HP: 10/41 [poisoned by an adder]
  2010 | D:3      | HP: 2/41 [poisoned by an adder]
  2011 | D:3      | Reached skill level 1 in Conjurations
  2011 | D:3      | Reached skill level 1 in Hexes
  2011 | D:3      | Reached skill level 1 in Summonings
  2011 | D:3      | Reached skill level 1 in Necromancy
  2011 | D:3      | Reached skill level 1 in Translocations
  2011 | D:3      | Reached skill level 1 in Transmutations
  2011 | D:3      | Reached skill level 1 in Ice Magic
  2011 | D:3      | Reached skill level 1 in Air Magic
  2011 | D:3      | Reached skill level 1 in Earth Magic
  2011 | D:3      | Reached skill level 1 in Poison Magic
  2520 | D:3      | HP: 8/41 [hound (3)]
  2523 | D:3      | Reached XP level 5. HP: 6/47 MP: 9/9
  2999 | D:3      | Noticed Ijyb
  3019 | D:3      | HP: 8/39 [Ijyb (5)]
  3025 | D:3      | HP: 4/35 [Ijyb (1)]
  3026 | D:3      | HP: 1/34 [Ijyb (3)]
  3026 | D:3      | Slain by Ijyb

Vanquished Creatures
  A hound (D:3)
  An orc priest (D:3)
  3 adders (D:3)
  A worm (D:2)
  2 orcs (D:3)
  2 endoplasms
  A giant cockroach (D:2)
  11 goblins
  6 hobgoblins
  3 jackals (D:1)
  3 ball pythons
  7 bats
  2 frilled lizards
  5 kobolds
  4 rats
52 creatures vanquished.

Vanquished Creatures (others)
  28 foxfires (D:3)
28 creatures vanquished.

Grand Total: 80 creatures vanquished

Table legend:
 A = Non-vault XP
 B = Vault XP
 C = Vault XP percentage of total XP
 D = Non-vault monster count
 E = Vault monster count
 F = Vault count percentage of total count
                 A         B        C        D         E       F
            +---------+---------+-------+---------+---------+-------
      Total |     211 |       0 |   0.0 |      52 |       0 |   0.0
            +---------+---------+-------+---------+---------+-------
        D:1 |      39 |       0 |   0.0 |      22 |       0 |   0.0
        D:2 |      33 |       0 |   0.0 |      18 |       0 |   0.0
        D:3 |     139 |       0 |   0.0 |      12 |       0 |   0.0
            +---------+---------+-------+---------+---------+-------

Illustrated notes

Table legend:
 A = Kills in this place as a percentage of kills in entire the game.
 B = Kills by you in this place as a percentage of kills by you in the entire game.
 C = Kills by friends in this place as a percentage of kills by friends in the entire game.
 D = Other kills in this place as a percentage of other kills in the entire game.
 E = Experience gained in this place as a percentage of experience gained in the entire game.
 F = Experience gained in this place divided by the number of levels of this place that you have seen.
                   A       B       C       D       E      F
               +-------+-------+-------+-------+-------+----------------------
         Total | 100.0 | 100.0 |   N/A |   N/A | 100.0 |  70.3
       Dungeon | 100.0 | 100.0 |   N/A |   N/A | 100.0 |  70.3
               +-------+-------+-------+-------+-------+----------------------

Table legend: (Time is in decaauts)
 A = Elapsed time spent in this place.
 B = Non-inter-level travel time spent in this place.
 C = Inter-level travel time spent in this place.
 D = Time resting spent in this place.
 E = Time spent auto-exploring this place.
 F = Levels seen in this place.
 G = Mean time per level.
                   A        B        C        D        E       F      G
               +--------+--------+--------+--------+--------+-----+--------+
         Total |   3021 |   2937 |     84 |      0 |   2545 |   3 | 1007.0 |
       Dungeon |   3021 |   2937 |     84 |      0 |   2545 |   3 | 1007.0 |
               +--------+--------+--------+--------+--------+-----+--------+

Top non-repeatable levels by time:
     D:3: 1118 daAuts
     D:1: 1052 daAuts
     D:2: 851 daAuts
